AoeStats
← Pornelius Hubert

Hideout

510042847Analyzed
1v1 RM · 2d ago on Sep 29, 2026· 46m 7s· 2 players
Game mode
Random Map
Map size
Tiny (2 player)
Population
200
Speed
Normal
Resources
Standard
Victory
Conquest
Starting age
Dark Age
Ending age
Imperial Age
RankedLock teamsTeams togetherTeam positionsShared explorationLock speedFull tech treeHidden civsTurbo modeCheats
Victory
Defeat
🇺🇸 Japanese · United States
1000
+13
🇦🇷 Saracens · Argentina
942
-13
Pornelius Hubert
10:07 Feudal Age
11:41 Double-Bit Axe
12:12 Loom
21:07 Castle Age
20:20 Stone Mining
22:48 Wheelbarrow
22:06 Gold Mining
27:59 Bow Saw
28:15 Horse Collar
29:44 Elite Skirmisher
32:25 Gold Shaft Mining
32:13 Hand Cart
32:47 Elite Skirmisher
33:54 Fletching
34:06 Padded Archer Armor
35:34 Ballistics
36:31 Thumb Ring
39:41 Imperial Age
40:10 Forging
40:02 Elite Mameluke
41:11 Conscription
42:20 Heavy Plow
43:40 Chemistry
hermanoBluth
7:53 Loom
10:07 Feudal Age
10:31 Man-at-Arms
10:57 Arson
11:41 Double-Bit Axe
12:17 Horse Collar
20:25 Castle Age
18:43 Gold Mining
19:25 Fletching
19:36 Padded Archer Armor
21:08 Elite Skirmisher
21:12 Crossbowman
22:00 Thumb Ring
22:11 Bow Saw
24:04 Wheelbarrow
24:29 Bodkin Arrow
24:45 Town Watch
27:15 Squires
27:33 Leather Archer Armor
27:31 Forging
27:31 Stone Mining
28:24 Heavy Plow
31:20 Hand Cart
35:45 Imperial Age
35:14 Iron Casting
34:40 Scale Mail Armor
35:52 Ballistics
35:43 Masonry
35:15 Treadmill Crane
35:32 Murder Holes
37:07 Conscription
37:49 Gold Shaft Mining
38:22 Bracer
39:23 Blast Furnace
39:17 Elite Samurai
40:34 Hoardings
40:57 Chain Mail Armor
41:13 Ring Archer Armor
41:10 Kataparuto
41:54 Chemistry
41:07 Siege Engineers
41:07 Arbalester
42:26 Town Patrol
43:42 Guard Tower
43:37 Arrowslits
44:12 Yasama
Connection lost

Rejoining the realm…

Still unreachable

The connection could not be restored.

Session expired

The server has moved on; the page needs a fresh start.